 Dungeon Crawl Stone Soup version 0.26.0-7-g794d0892b4 (webtiles) character file.

Game seed: 15226814954928391458

239 pkoi the Slasher (level 5, -2/42 HPs)
             Began as a Minotaur Gladiator on Jan 12, 2021.
             Slain by a gnoll (6 damage)
             ... on level 4 of the Dungeon.
             The game lasted 00:02:11 (3022 turns).

pkoi the Slasher (Minotaur Gladiator)               Turns: 3022, Time: 00:02:11

Health: -2/42      AC:  3    Str: 20    XL:     5   Next: 79%
Magic:  4/4        EV: 12    Int:  5    God:
Gold:   75         SH:  0    Dex: 11    Spells: 4/4 levels left

rFire    . . .     SeeInvis .   a - +0 long sword
rCold    . . .     Faith    .   (no shield)
rNeg     . . .     Spirit   .   b - +0 leather armour
rPois    +         Reflect  .   c - +0 hat
rElec    .         Harm     .   (no cloak)
rCorr    .         Rampage  .   (no gloves)
Will     .....                  (no boots)
Stlth    +.........             (no amulet)
HPRegen  0.14/turn              i - ring of poison resistance
MPRegen  0.09/turn              (no ring)

@: no status effects
A: retaliatory headbutt, horns 2
a: no special abilities


You were on level 4 of the Dungeon.
You visited 1 branch of the dungeon, and saw 4 of its levels.

You collected 75 gold pieces.

Inventory:

Hand Weapons
 a - a +0 long sword (weapon)
Missiles
 d - 3 throwing nets (quivered)
 j - 4 javelins
Armour
 b - a +0 leather armour (worn)
 c - a +0 hat (worn)
Jewellery
 i - a ring of poison resistance (left hand)
 u - a cursed ring of attention {unknown}
Scrolls
 f - 2 scrolls of identify {unknown}
 g - a scroll of remove curse {unknown}
 h - 2 scrolls of amnesia {unknown}
 k - a scroll of fear {unknown}
 l - a scroll of enchant armour {unknown}
 m - a scroll of blinking {unknown}
 s - a scroll of teleportation {unknown}
Potions
 e - 2 potions of curing {unknown}
 n - 2 potions of heal wounds {unknown}
 o - a potion of degeneration {unknown}
 p - 2 potions of brilliance {unknown}
 q - a potion of might {unknown}
 r - a potion of flight {unknown}
 t - a potion of attraction {unknown}


   Skills:
 - Level 2.4 Fighting
 + Level 7.9 Long Blades
 - Level 2.0 Throwing
 - Level 3.2 Dodging


You had 4 spell levels left.
You didn't know any spells.
Your spell library contained the following spells:

 Spells                   Type           Power        Failure   Level
 Corona                   Hex            0%           54%         1
 Ensorcelled Hibernation  Hex/Ice        0%           67%         2
 Confusing Touch          Hex            0%           88%         3
 Dazzling Flash           Conj/Hex       0%           88%         3
 Tukima's Dance           Hex            0%           88%         3


Dungeon Overview and Level Annotations

Branches:
Dungeon (4/15)
 Temple: D:4-7

Altars:
Fedhas
The Shining One


Innate Abilities, Weirdness & Mutations

You reflexively headbutt those who attack you in melee.
You have a pair of horns on your head.


Message History

You are too injured to fight recklessly!
You are too injured to fight recklessly!
You are too injured to fight recklessly!
You are too injured to fight recklessly!
Unknown command.
The gnoll throws a throwing net.
The throwing net hits you.
You become entangled in the net!
You see here a throwing net.
You tear a large gash into the net.
The gnoll barely misses you.
You riposte.
You hit the gnoll but do no damage.
You struggle against the net.
The gnoll hits you from afar with a +0 spear!
* * * LOW HITPOINT WARNING * * *
The gnoll barely misses you.
You struggle against the net.
The gnoll hits you but does no damage. The gnoll hits you.
* * * LOW HITPOINT WARNING * * *
You rip the net and break free!
The gnoll closely misses you. The gnoll hits you.
You die...

.# .# #####
##.# #..).
... ##.#.
#g. #.#.
#S# #.#†
#g# #.#.
#g# #.#.
######@#
#...
.###.....!#
###.
........###
#.
#######.#
#. #.# ##
#.# #######
#.# #......
#.# #.#####
#.# #.#


You could see 3 gnolls and a ball python.

Vanquished Creatures
  Natasha (thrice) (D:2)
  Robin (D:2)
  3 gnolls (D:3)
  4 adders
  An ooze (D:4)
  2 worms (D:2)
  4 orcs (D:3)
  3 ball pythons
  4 giant cockroaches
  15 goblins
  9 hobgoblins
  7 jackals
  A quokka (D:2)
  5 bats
  2 frilled lizards (D:2)
  6 kobolds
  4 rats
74 creatures vanquished.

Notes
Turn   | Place    | Note
-------+----------+-------------------------------------------
     0 | D:1      | pkoi the Minotaur Gladiator began the quest for the Orb.
     0 | D:1      | Reached XP level 1. HP: 18/18 MP: 0/0
   278 | D:1      | Reached skill level 4 in Long Blades
   413 | D:1      | Reached XP level 2. HP: 25/25 MP: 1/1
  1182 | D:2      | Noticed Natasha
  1185 | D:2      | Killed Natasha
  1186 | D:2      | Reached skill level 5 in Long Blades
  1186 | D:2      | Reached XP level 3. HP: 10/30 MP: 2/2
  1487 | D:2      | Noticed Robin
  1493 | D:2      | Reached skill level 6 in Long Blades
  1493 | D:2      | Reached XP level 4. HP: 33/37 MP: 3/3
  1501 | D:2      | Killed Robin
  1581 | D:2      | Noticed Natasha
  1588 | D:2      | Killed Natasha
  1592 | D:2      | Noticed Natasha
  1598 | D:2      | Killed Natasha
  1638 | D:2      | Reached skill level 7 in Long Blades
  1638 | D:2      | Reached XP level 5. HP: 41/42 MP: 4/4
  1781 | D:2      | Found a faded altar of an unknown god.
  1900 | D:2      | Found a glowing golden altar of the Shining One.
  1951 | D:2      | Found a blossoming altar of Fedhas.
  2128 | D:3      | Found a glowing golden altar of the Shining One.
  2258 | D:2      | Found a blossoming altar of Fedhas.
  3022 | D:4      | Slain by a gnoll

Illustrated notes

Levels and vault maps discovered:
D:1:      scummos_arrival_star, layout_basic
D:2:      lemuel_upstairs_altar, layout_basic, general_overflow_altar,
          lemuel_round_altar, chequers_ecumenical_altar_grove, uniq_robin,
          uniq_natasha
D:3:      layout_basic, tso_metal_star
D:4:      minmay_wonky_spiral, layout_loops_ring, marbit_many_paths

Skill      XL: |  1  2  3  4 |
---------------+-------------+-----
Long Blades    | 4 5 6 7 |  7.9
Fighting       | |  2.4
Throwing       | |  2.0
Dodging        | |  3.2

Action                   |  1- 3 |  4- 6 || total
-------------------------+-------+-------++-------
Melee: Long sword        |    60 |    90 ||   150
       Headbutt          |    16 |    13 ||    29
 Stab: Distracted        |       |     1 ||     1
Armor: Leather armour    |    20 |    11 ||    31
Dodge: Dodged            |    48 |    57 ||   105
       Rpst.: Long sword |    12 |    17 ||    29
